 Dungeon Crawl Stone Soup version 0.29.1-13-g9f3cf754e1 (webtiles) character file.

Game seed: 17183715689024259355

182 Linkola the Conjurer (level 5, -2/28 HPs)
             Began as a Deep Elf Conjurer on Jan 22, 2023.
             Slain by Grinder (3 damage)
             ... while paralysed by Grinder
             ... on level 3 of the Dungeon on Jan 24, 2023.
             The game lasted 00:10:56 (2413 turns).

Linkola the Conjurer (Deep Elf Conjurer)            Turns: 2413, Time: 00:10:56

Health: -2/28      AC:  2    Str:  4    XL:     5   Next: 34%
Magic:  3/13       EV:  2    Int: 25    God:
Gold:   123        SH:  0    Dex: 13    Spells: 3/13 levels left

rFire   . . .      SeeInvis .   (no weapon)
rCold   . . .      Faith    .   (no shield)
rNeg    . . .      Spirit   .   a - +0 robe
rPois   .          Reflect  .   (no helmet)
rElec   .          Harm     .   (no cloak)
rCorr   .          Rampage  .   (no gloves)
Will    .....                   (no boots)
Stlth   ++........              g - amulet of magic regeneration
HPRegen 0.09/turn               (no ring)
MPRegen 0.53/turn               (no ring)

@: paralysed
A: no striking features
a: no special abilities


You were on level 3 of the Dungeon.
You visited 1 branch of the dungeon, and saw 3 of its levels.

You collected 123 gold pieces.

Inventory:

Hand Weapons
 j - a +1 flail
Armour
 a - a +0 robe (worn)
Jewellery
 g - an amulet of magic regeneration (around neck)
Scrolls
 i - a scroll of fear
 k - 3 scrolls of blinking
 l - a scroll of amnesia
Potions
 b - a potion of magic
 c - a potion of mutation {unknown}
 d - a potion of flight {unknown}
 e - 2 potions of heal wounds
 f - a potion of resistance {unknown}
 h - a potion of haste
 m - a potion of attraction {unknown}


   Skills:
 + Level 3.0 Dodging
 + Level 3.0 Stealth
 + Level 4.6 Spellcasting
 + Level 5.8 Conjurations
 * Level 2.3 Hexes


You had 3 spell levels left.
You knew the following spells:

 Your Spells              Type           Power      Damage    Failure   Level
a - Magic Dart            Conj           100%       1d8       1%          1
b - Searing Ray           Conj           70%        2d7       1%          2
c - Dazzling Flash        Conj/Hex       52%        N/A       4%          3
d - Fulminant Prism       Conj/Hex       13%        3d9       16%         4

Your spell library contained the following spells:

 Spells                   Type           Power      Damage    Failure   Level
 Iskenderun's Mystic Bla  Conj/Tloc      20%        2d6       26%         4
 Passage of Golubria      Tloc           5%         N/A       65%         4
 Silence                  Hex/Air        5%         N/A       83%         5
 Lehudib's Crystal Spear  Conj/Erth      10%        10d4      100%        8


Dungeon Overview and Level Annotations

Branches:
Dungeon (3/15)

Altars:

Shops:
D:2 *

Annotations:
D:3 Grinder


Message History

The blast of energy engulfs Grinder!
Grinder is moderately wounded.
Aiming: Magic Dart (safe; 1% risk of failure)
Press: ? - help, Q - select action, (/) - cycle Shift-Dir - straight line, f - Grinder
Aim: Grinder (moderately wounded, 100% to hit)
The magic dart hits Grinder.
Grinder is moderately wounded.
Casting: Magic Dart (safe; 1% risk of failure)
Confirm with . or Enter, or press ? or * to list all spells.
Aiming: Searing Ray (safe; 1% risk of failure)
Press: ? - help, Shift-Dir - straight line, f/p - Grinder
Aim: Grinder (moderately wounded, 78% to hit)
The searing ray hits Grinder!
Grinder is heavily wounded. (Press . to maintain the ray.)
The searing ray hits Grinder.
Grinder is heavily wounded.
Grinder blinks!
Casting: Searing Ray (safe; 1% risk of failure)
Confirm with . or Enter, or press ? or * to list all spells.
Aiming: Searing Ray (safe; 1% risk of failure)
Press: ? - help, Shift-Dir - straight line, f/p - Grinder
Aim: Grinder (heavily wounded, 78% to hit)
The searing ray hits Grinder!
Grinder is almost dead. (Press . to maintain the ray.) Grinder says, "There's only one good use for a tongue: cutting it out."
The searing ray hits Grinder!
Grinder is almost dead.
You feel yourself speed up. Grinder hits you! Grinder gestures at you.
You suddenly lose the ability to move!
Your magical contamination has completely faded away.
Grinder hits you!
You writhe in agony.
* * * LOW HITPOINT WARNING * * *
Grinder hits you!
* * * LOW HITPOINT WARNING * * *
You writhe in agony.
You die...

##.....#.....###.##<.#.###.
##..............รท.......)...
#....>>.........#.#.........
#....................#####..
#...............#....# #..
#......(............... #..
#..................#####....
##.................. ###..
##........@........# #...
######.##5....... .....
#.##........ ###..
#.##)....... #.. #.##...)....
#.. #. #........ ## #........
#........


You could see Grinder.

Vanquished Creatures
  Terence (D:2)
  2 orc wizards (D:3)
  3 adders (D:3)
  A worm (D:2)
  6 orcs (D:3)
  3 ball pythons
  3 endoplasms
  2 giant cockroaches
  9 goblins
  5 hobgoblins
  7 jackals (D:2)
  5 quokkas
  3 bats
  3 frilled lizards
  10 kobolds
  5 rats
68 creatures vanquished.

Vanquished Creatures (others)
  3 fulminant prisms (D:3)
  A plant (D:2)
4 creatures vanquished.

Grand Total: 72 creatures vanquished

Notes
Turn   | Place    | Note
-------+----------+-------------------------------------------
     0 | D:1      | Linkola the Deep Elf Conjurer began the quest for the Orb.
     0 | D:1      | Reached XP level 1. HP: 10/10 MP: 6/6
   191 | D:1      | Identified a scroll of acquirement
   191 | D:1      | Acquired an amulet of magic regeneration
   341 | D:1      | Reached XP level 2. HP: 15/15 MP: 6/8
   344 | D:1      | Learned a level 2 spell: Searing Ray
   522 | D:1      | Reached skill level 5 in Conjurations
   926 | D:2      | Reached skill level 1 in Hexes
   944 | D:2      | Reached XP level 3. HP: 19/19 MP: 6/9
   948 | D:2      | Learned a level 3 spell: Dazzling Flash
  1064 | D:2      | Found Saginoma's Assorted Antiques.
  1142 | D:2      | Noticed Terence
  1148 | D:2      | Killed Terence
  1305 | D:2      | Reached XP level 4. HP: 22/24 MP: 5/11
  1310 | D:2      | Learned a level 4 spell: Fulminant Prism
  1478 | D:2      | Found a faded altar of an unknown god.
  2034 | D:3      | Reached XP level 5. HP: 28/28 MP: 5/13
  2058 | D:3      | Noticed Grinder
  2401 | D:3      | Paralysed by Grinder for 2 turns
  2411 | D:3      | Paralysed by Grinder for 5 turns
  2413 | D:3      | HP: 1/28 [Grinder (7)]
  2413 | D:3      | Slain by Grinder

Illustrated notes

Levels and vault maps discovered:
D:1:      psy_arrival_conway, layout_basic, minmay_indecisive_spiral
D:2:      layout_basic, serial_shops, nicolae_shop_overgrown_old_shop,
          chequers_ecumenical_altar_island, grunt_ministairs_12,
          minmay_pentomino_q2, uniq_terence
D:3:      layout_rooms, minitemple, uniq_sigmund, uniq_grinder

Skill      XL: |  1  2  3  4  5 |
---------------+----------------+-----
Conjurations   | 5 |  5.8
Hexes          | 1 2 |  2.3
Spellcasting   | 4 |  4.6
Dodging        | 3 |  3.0
Stealth        | 3 |  3.0

Action                   |  1- 3 |  4- 6 || total
-------------------------+-------+-------++-------
 Cast: Magic Dart        |    61 |    39 ||   100
       Searing Ray       |     3 |    11 ||    14
       Fulminant Prism   |       |     3 ||     3
  Use: Scroll            |     8 |     2 ||    10
Armor: Robe              |     1 |     2 ||     3
Dodge: Dodged            |     4 |    12 ||    16
